 Dungeon Sprint DCSS version 0.21-a0-50-g941c862 (webtiles) character file.

2087 Kidiri the Grappler (level 9, -2/84 HPs)
             Began as a Troll Transmuter on June 11, 2017.
             Was an Elder of Wu Jian.
             Slain by a death yak (7 damage)
             ... in the Dungeon (Sprint VII: "The Pits").
             The game lasted 00:06:50 (582 turns).

Kidiri the Grappler (Troll Transmuter)               Turns: 582, Time: 00:06:50

Health: -2/84      AC: 10    Str: 20    XL:     9   Next: 6%
Magic:  9/14       EV:  1    Int: 10    God:    Wu Jian [****..]
Gold:   0          SH:  0    Dex: 15    Spells: 10/16 levels left

rFire    . . .     SeeInvis .     - Unarmed
rCold    . . .     Gourm    +   (no shield)
rNeg     + + +     Faith    .   b - +0 robe
rPois    ∞         Spirit   .   (helmet restricted)
rElec    .         Reflect  .   (no cloak)
rCorr    .         Harm     .   (gloves unavailable)
MR       .....     NoTele   +   (boots unavailable)
Stlth    +.........             (no amulet)
Regen    0.7/turn               t - +3 ring of dexterity
MPRegen  0.2/turn               u - +3 ring of protection

@: lethally poisoned (-2 -> -2), exhausted, petrified, very slightly
contaminated
A: unfitting armour, claws 3, thin metallic scales 1, fast metabolism 3, frail
1, gourmand, regeneration 1, shaggy fur 1, tough skin 2, sturdy frame 1
a: Serpent's Lash, Renounce Religion


You were in the Dungeon.
You worshipped Wu Jian.
Wu Jian was greatly pleased with you.
You were very full.

You visited 1 branch

Inventory:

Armour
 b - a +0 robe (worn)
Jewellery
 t - a +3 ring of dexterity (left claw)
 u - a +3 ring of protection (right claw)
Scrolls
 j - a scroll of blinking
 m - 3 scrolls of remove curse
 n - 5 scrolls of amnesia
 o - a scroll of summoning
Potions
 e - 9 potions of curing
 f - 5 potions of heal wounds
 g - a potion of haste
 h - 4 potions of magic
 i - 4 potions of berserk rage
 l - 2 potions of invisibility
 w - a potion of resistance
 x - a potion of brilliance
Comestibles
 d - 9 bread rations
 k - 18 chunks of flesh
 p - 40 fruits
 q - 7 meat rations


   Skills:
 * Level 7.7 Fighting
 + Level 5.3 Armour
 * Level 8.0 Dodging
 * Level 9.7 Unarmed Combat
 + Level 4.2 Spellcasting
 * Level 7.3 Transmutations


You had 10 spell levels left.
You knew the following spells:

 Your Spells              Type           Power        Failure   Level  Hunger
a - Beastly Appendage     Tmut           ###...       1%          1    #......
b - Blade Hands           Tmut           ###.......   32%         5    ######.


Dungeon Overview and Level Annotations

Branches:
Dungeon (1/1)

Altars:
Ashenzari
Cheibriados
Dithmenos
Elyvilon
Fedhas
Gozag
Hepliaklqana
Kikubaaqudgha
Makhleb
Nemelex Xobeh
Okawaru
Qazlal
Ru
Sif Muna
Trog
Uskayaw
Vehumet
Wu Jian
Xom
Yredelemnul
Zin
The Shining One
Beogh
Jiyva
Lugonu


Innate Abilities, Weirdness & Mutations

You are too large for most types of armour.
You have claws for hands.
Your metabolism is lightning-fast.
You like to eat raw meat.
Your natural rate of healing is unusually fast.
You are covered in fur. (AC +1)
You have very tough skin. (AC +2)
You are partially covered in thin metallic scales. (AC +2)
You are frail. (-10% HP)
Your movements are slightly less encumbered by armour. (ER -2)


Message History

The death yak is moderately wounded.
You feel sick. The basilisk gazes at you. You resist with some effort.
The death yak gores you!
Your limbs are stiffening.
There is an open door, spattered with blood here.
Okay, then.
You feel sick.
The death yak gores you but does no damage.
You have turned to stone.
The death yak snorts and paws the ground.
The death yak gores you!!
* * * LOW HITPOINT WARNING * * *
The death yak gores you!
* * * LOW HITPOINT WARNING * * *
The death yak gores you!!
* * * LOW HITPOINT WARNING * * *
The death yak gores you but does no damage. x2
The death yak gores you!
You die...

#+#####+#####''######
..##.......##''#
..##.......##..#
####.......##..# +#
..##...<...##..# #.##
..##.......##..# #...##
..##.......##..####.....#
####.......##.).##l.....#
..###########...@YR.....+
)############...##F.....#
.#....#..[[##..####.....#
+#....#..[[##..# #...##
.+....+..))##..# #.##
÷#....#..))##..# +#
:#....#[.))##..#
################


You could see a death yak, a spiny frog, an efreet and a basilisk.

Vanquished Creatures
  A sea snake (D)
  An orange demon (D)
  A kobold demonologist (D)
  A rime drake (D)
  An ice devil (D)
  A hippogriff (D)
  A floating eye (D)
  A sky beast (D)
  An orc priest (D)
  2 orc wizards (D)
  A worker ant (D)
  A mummy (D)
  A gnoll (D)
  An ooze (D)
  A worm (D)
  9 orcs (D)
  A bat (D)
  A giant cockroach (D)
  A goblin (D)
  A hobgoblin (D)
  2 ball pythons (D)
  A frilled lizard (D)
  A giant cockroach zombie (D)
33 creatures vanquished.

Notes
Turn   | Place    | Note
-------+----------+-------------------------------------------
     0 | D        | Kidiri the Troll Transmuter began the quest for the Orb.
     0 | D        | Reached XP level 1. HP: 18/18 MP: 1/1
    15 | D        | Reached skill level 1 in Fighting
    47 | D        | Found a bloodstained altar of Trog.
    47 | D        | Found a deep blue altar of Sif Muna.
    47 | D        | Found a viscous altar of Jiyva.
    47 | D        | Found a hazy altar of Hepliaklqana.
    47 | D        | Found an opulent altar of Gozag.
    48 | D        | Found a glowing golden altar of the Shining One.
    48 | D        | Found a glowing silver altar of Zin.
    48 | D        | Found a basalt altar of Yredelemnul.
    48 | D        | Found a shimmering altar of Xom.
    48 | D        | Found an ornate altar of the Wu Jian Council.
    48 | D        | Found a sacrificial altar of Ru.
    48 | D        | Found a stormy altar of Qazlal.
    48 | D        | Found an iron altar of Okawaru.
    48 | D        | Found a sparkling altar of Nemelex Xobeh.
    48 | D        | Found a burning altar of Makhleb.
    48 | D        | Found a blossoming altar of Fedhas.
    48 | D        | Found a white marble altar of Elyvilon.
    48 | D        | Found a shadowy altar of Dithmenos.
    48 | D        | Found a snail-covered altar of Cheibriados.
    50 | D        | Found a radiant altar of Vehumet.
    50 | D        | Found a corrupted altar of Lugonu.
    50 | D        | Found a roughly hewn altar of Beogh.
    51 | D        | Found a hide-covered altar of Uskayaw.
    51 | D        | Found an ancient bone altar of Kikubaaqudgha.
    51 | D        | Found a shattered altar of Ashenzari.
    57 | D        | Became a worshipper of the Wu Jian Council
    82 | D        | Noticed a worker ant
    86 | D        | Killed a worker ant
    86 | D        | Reached * piety under Wu Jian
    86 | D        | Reached skill level 1 in Armour
    86 | D        | Reached skill level 4 in Unarmed Combat
    86 | D        | Reached XP level 2. HP: 26/28 MP: 1/3
   126 | D        | Reached XP level 3. HP: 35/35 MP: 4/4
   128 | D        | Reached ** piety under Wu Jian
   224 | D        | Reached *** piety under Wu Jian
   230 | D        | Noticed a sky beast
   231 | D        | Noticed a floating eye
   240 | D        | Reached **** piety under Wu Jian
   240 | D        | Reached XP level 4. HP: 29/44 MP: 4/6
   241 | D        | Paralysed by a floating eye for 4 turns
   248 | D        | Killed a floating eye
   248 | D        | Reached skill level 5 in Unarmed Combat
   248 | D        | Reached XP level 5. HP: 34/54 MP: 5/7
   262 | D        | Killed a sky beast
   262 | D        | Reached skill level 6 in Unarmed Combat
   262 | D        | Reached XP level 6. HP: 35/63 MP: 6/9
   266 | D        | Gained mutation: You are resistant to hostile enchantments. (MR+) [mutagenic meat]
   267 | D        | Gained mutation: Armour fits poorly on your strangely shaped body. [mutagenic meat]
   268 | D        | Gained mutation: You are dopey. (Int -2) [mutagenic meat]
   269 | D        | Gained mutation: You are partially covered in thin metallic scales. (AC +2) [mutagenic meat]
   270 | D        | Gained mutation: Your body sometimes deteriorates upon taking damage. [mutagenic meat]
   271 | D        | Lost mutation: Your body sometimes deteriorates upon taking damage. [mutagenic meat]
   278 | D        | Learned a level 5 spell: Blade Hands
   313 | D        | Reached ***** piety under Wu Jian
   319 | D        | Noticed a hippogriff
   325 | D        | Killed a hippogriff
   325 | D        | Reached skill level 5 in Fighting
   325 | D        | Reached skill level 5 in Dodging
   325 | D        | Reached skill level 7 in Unarmed Combat
   325 | D        | Reached skill level 5 in Transmutations
   410 | D        | Noticed a rime drake
   410 | D        | Noticed an ice devil
   415 | D        | Killed an ice devil
   415 | D        | Reached XP level 7. HP: 75/75 MP: 9/11
   417 | D        | Reached skill level 8 in Unarmed Combat
   422 | D        | Killed a rime drake
   422 | D        | Reached XP level 8. HP: 44/84 MP: 9/12
   466 | D        | Lost mutation: Armour fits poorly on your strangely shaped body. [potion of mutation]
   466 | D        | Lost mutation: You are resistant to hostile enchantments. (MR+) [potion of mutation]
   466 | D        | Lost mutation: You are dopey. (Int -2) [potion of mutation]
   466 | D        | Gained mutation: You are weak. (Str -2) [potion of mutation]
   466 | D        | Gained mutation: You are very weak. (Str -4) [potion of mutation]
   466 | D        | Gained mutation: Scrolls take you a little longer to read. [potion of mutation]
   466 | D        | Gained mutation: You have a pair of small horns on your head. [potion of mutation]
   467 | D        | Lost mutation: Scrolls take you a little longer to read. [potion of mutation]
   467 | D        | Lost mutation: You have a pair of small horns on your head. [potion of mutation]
   467 | D        | Lost mutation: You are very weak. (Str -4) [potion of mutation]
   467 | D        | Lost mutation: You are weak. (Str -2) [potion of mutation]
   467 | D        | Lost mutation: You are partially covered in thin metallic scales. (AC +2) [potion of mutation]
   467 | D        | Gained mutation: You are frail. (-10% HP) [potion of mutation]
   467 | D        | Gained mutation: Your movements are slightly less encumbered by armour. (ER -2) [potion of mutation]
   467 | D        | Gained mutation: You are partially covered in thin metallic scales. (AC +2) [potion of mutation]
   539 | D        | Noticed a kobold demonologist
   542 | D        | Noticed a sea snake
   544 | D        | Killed a kobold demonologist
   545 | D        | Killed a sea snake
   545 | D        | Reached skill level 5 in Armour
   545 | D        | Reached skill level 9 in Unarmed Combat
   571 | D        | Noticed a death yak
   571 | D        | Noticed an orange demon
   571 | D        | Noticed an efreet
   571 | D        | Noticed a spiny frog
   573 | D        | Killed an orange demon
   573 | D        | Reached XP level 9. HP: 69/84 MP: 8/14
   579 | D        | HP: 4/84 [death yak (13)]
   582 | D        | Slain by a death yak

Vault maps used:
D:        pitsprint

Skill      XL: |  1  2  3  4  5  6  7  8 |
---------------+-------------------------+-----
Fighting       | 2 3 4 6 7 |  7.7
Armour         | 1 2 3 4 5 |  5.3
Dodging        | 2 3 4 6 8 |  8.0
Unarmed Combat | 4 5 6 7 8 9 |  9.7
Transmutations | 2 3 4 5 6 7 |  7.3
Spellcasting   | 2 3 4 |  4.2

Action                   |  1- 3 |  4- 6 |  7- 9 || total
-------------------------+-------+-------+-------++-------
Melee: Unarmed           |    36 |    43 |    22 ||   101
       Punch             |       |     2 |     3 ||     5
Invok: Heavenly Storm    |       |     1 |     1 ||     2
       Serpent's Lash    |       |       |     2 ||     2
  Use: Potion            |       |     1 |     2 ||     3
 Stab: Sleeping          |       |     1 |       ||     1
  Eat: Chunk             |     7 |     8 |     1 ||    16
Armor: Robe              |     5 |    15 |     3 ||    23
Dodge: Dodged            |     9 |    16 |     4 ||    29
